[Event "RUS-ch Blitz 2021"]
[Site "Sochi"]
[Date "2021.10.11"]
[Round "4.2"]
[White "Dreev, Aleksey"]
[Black "Bocharov, Dmitry"]
[Result "1/2-1/2"]
[ECO "E38"]
[WhiteElo "2635"]
[BlackElo "2517"]
[Annotator "ChessBase"]
[PlyCount "84"]
[EventDate "2021.10.11"]
[EventType "blitz"]
[EventCountry "RUS"]
[SourceTitle "playchess.com"]
[Source "ChessBase"]
[SourceQuality "1"]
[TimeControl "180+2"]

1. d4 Nf6 2. c4 e6 3. Nc3 Bb4 4. Qc2 c5 5. dxc5 Qc7 6. Nf3 Bxc5 7. e3 a6 8. b3 b6 9. Bb2 Bb7 10. Bd3 Be7 11. Ne4 Nc6 12. a3 Nxe4 13. Bxe4 f5 14. Bd3 O-O 15. O-O Bf6 16. Rad1 Rad8 17. Rfe1 Ne7 18. Be2 Ng6 19. Bxf6 Rxf6 20. Qd2 d6 21. Nd4 f4 22. Bf3 Nh4 23. e4 e5 24. Nc2 Nxf3+ 25. gxf3 Qc8 26. Kf1 b5 27. Qc3 Kh8 28. Nb4 Rf7 29. Nd5 Bxd5 30. Rxd5 bxc4 31. Qxc4 Rc7 32. Qb4 h6 33. Red1 Rc2 34. R5d2 Qh3+ 35. Ke2 Rxd2+ 36. Rxd2 Qe6 37. Rd5 Qc8 38. Qc4 Qb7 39. Qb4 Qc7 40. Qc4 Qb7 41. Qb4 Qc7 42. Qc4 Qb7 1/2-1/2

[Event "RUS-ch Blitz 2021"]
[Site "Sochi"]
[Date "2021.10.11"]
[Round "4.3"]
[White "Rozum, Ivan"]
[Black "Sarana, Alexey"]
[Result "0-1"]
[ECO "A13"]
[WhiteElo "2529"]
[BlackElo "2649"]
[Annotator "ChessBase"]
[PlyCount "68"]
[EventDate "2021.10.11"]
[EventType "blitz"]
[EventCountry "RUS"]
[SourceTitle "playchess.com"]
[Source "ChessBase"]
[SourceQuality "1"]
[TimeControl "180+2"]

1. b3 Nf6 2. Bb2 d5 3. Nf3 c5 4. e3 e6 5. c4 Nc6 6. cxd5 exd5 7. d4 Bg4 8. Be2 cxd4 9. Nxd4 Bb4+ 10. Bc3 Bxe2 11. Nxe2 Qa5 12. O-O Bxc3 13. Nbxc3 O-O 14. Qd2 Rad8 15. Rfd1 Rfe8 16. Rac1 h6 17. h3 Re5 18. Nd4 Qb4 19. Na4 Qd6 20. Nxc6 bxc6 21. Qa5 Rd7 22. Qc5 Qxc5 23. Rxc5 Rc7 24. Rdc1 Re6 25. Ra5 Rd6 26. Nc5 d4 27. e4 d3 28. e5 d2 29. Rd1 Re7 30. Ne4 Rd4 31. Nc3 Nd5 32. Nxd5 cxd5 33. Kf1 Rxe5 34. Rxa7 Rde4 0-1

[Event "RUS-ch Blitz 2021"]
[Site "Sochi"]
[Date "2021.10.11"]
[Round "4.4"]
[White "Murzin, Volodar"]
[Black "Sjugirov, Sanan"]
[Result "1/2-1/2"]
[ECO "B29"]
[WhiteElo "2513"]
[BlackElo "2663"]
[Annotator "ChessBase"]
[PlyCount "98"]
[EventDate "2021.10.11"]
[EventType "blitz"]
[EventCountry "RUS"]
[SourceTitle "playchess.com"]
[Source "ChessBase"]
[SourceQuality "1"]
[TimeControl "180+2"]

1. e4 c5 2. Nf3 Nf6 3. e5 Nd5 4. Nc3 Nxc3 5. dxc3 Nc6 6. Bd3 e6 7. Bf4 Qb6 8. Nd2 Qxb2 9. O-O Qb6 10. Qh5 Qd8 11. Ne4 b6 12. Rad1 Bb7 13. Rfe1 Qc7 14. Ng5 g6 15. Qh3 Ne7 16. c4 h6 17. Ne4 Bxe4 18.
Bxe4 Nc6 19. Qf3 Rc8 20. Bg3 Bg7 21. Rd6 Nxe5 22. Qd1 O-O 23.
Bxe5 Bxe5 24. Rxd7 Qb8 25. g3 Rcd8 26. Rxd8 Rxd8 27. Qg4 Bg7 28. h4 h5 29. Qf3 Qd6 30. Bd3 Bd4 31. Kf1 Qe7 32. Qe4 Qf6 33.
Re2 Kg7 34. a4 Bc3 35. Kg2 Bd4 36. Qb7 e5 37. Qxa7 Qe6 38. Qb7 Rd7 39. Qa8 f5 40. f3 Re7 41. a5 bxa5 42. Qxa5 Qf6 43. c3 e4 44. fxe4 Bxc3 45. Qxc5 Bd4 46. Qd5 fxe4 47. Bxe4 Qe5 48. Qxe5+ Rxe5 49. Bd3 Rxe2+ 1/2-1/2

[Event "RUS-ch Blitz 2021"]
[Site "Sochi"]
[Date "2021.10.11"]
[Round "4.5"]
[White "Tsydypov, Zhamsaran"]
[Black "Pogosyan, Stefan"]
[Result "1/2-1/2"]
[ECO "B00"]
[WhiteElo "2526"]
[BlackElo "2407"]
[Annotator "ChessBase"]
[PlyCount "54"]
[EventDate "2021.10.11"]
[EventType "blitz"]
[EventCountry "RUS"]
[SourceTitle "playchess.com"]
[Source "ChessBase"]
[SourceQuality "1"]
[TimeControl "180+2"]

1. e4 Nc6 2. d4 d5 3. Nc3 Nf6 4. e5 Nd7 5. Nf3 Nb6 6. h3 Bf5 7. a3 e6 8. Bd3 Bxd3 9. Qxd3 Be7 10. O-O O-O 11. Ne2 f5 12. Nf4 Qd7 13. b3 a5 14. c4 dxc4 15. bxc4 Rad8 16. Rd1 g5 17. Nxg5 Bxg5 18. Qg3 Kh8 19. Qxg5 Nxe5 20. dxe5 Qxd1+ 21. Kh2 Qd7 22. Be3 Nxc4 23.
Rd1 Qxd1 24. Ng6+ hxg6 25. Qh6+ Kg8 26. Qxg6+ Kh8 27. Qh6+ Kg8 1/2-1/2

[Event "RUS-ch Blitz 2021"]
[Site "Sochi"]
[Date "2021.10.11"]
[Round "4.6"]
[White "Indzhiev, Aldar"]
[Black "Alekseev, Evgeny"]
[Result "0-1"]
[ECO "D35"]
[WhiteElo "2101"]
[BlackElo "2602"]
[Annotator "ChessBase"]
[PlyCount "100"]
[EventDate "2021.10.11"]
[EventType "blitz"]
[EventCountry "RUS"]
[SourceTitle "playchess.com"]
[Source "ChessBase"]
[SourceQuality "1"]
[TimeControl "180+2"]

1. d4 Nf6 2. c4 e6 3. Nc3 d5 4. cxd5 exd5 5. Bg5 c6 6. e3 Nbd7 7. Bd3 Bd6 8. Qc2 Nf8 9. Nf3 Ng6 10. h4 h6 11. Bxg6 hxg5 12. Bd3 gxh4 13. Rxh4 Rxh4 14. Nxh4 Be6 15. Nf5 Bf8 16. O-O-O Qa5 17. Kb1 O-O-O 18. Rh1 Kb8 19. Ng3 g6 20. Nge2 Bd6 21. g3 Qc7 22. Nf4 Bc8 23. Ka1 Qe7 24. Na4 Ng4 25. a3 Qf6 26. Rh7 Rh8 27. Rxh8 Qxh8 28. Qe2 Qh2 29. f3 Qxe2 30. Nxe2 Nxe3 31. Nac3 Nf1 32. g4 Nh2 33. Ng1 Bf4 34. Nce2 Be3 35. Kb1 b6 36. Kc2 c5 37. dxc5 bxc5 38. b3 Kc7 39. Kd1 Kd6 40. Bb5 Be6 41. Kc2 f5 42. gxf5 gxf5 43. Kd3 f4 44. Kc2 Ke5 45. a4 Bf5+ 46. Bd3 Be6 47. a5 Bf7 48. a6 Bh5 49. Bh7 Nxf3 50. Kd3 Nxg1 0-1

[Event "RUS-ch Blitz 2021"]
[Site "Sochi"]
[Date "2021.10.11"]
[Round "4.7"]
[White "Timofeev, Artyom"]
[Black "Gavrilov, Oleg"]
[Result "1-0"]
[ECO "A12"]
[WhiteElo "2586"]
[BlackElo "2356"]
[Annotator "ChessBase"]
[PlyCount "183"]
[EventDate "2021.10.11"]
[EventType "blitz"]
[EventCountry "RUS"]
[SourceTitle "playchess.com"]
[Source "ChessBase"]
[SourceQuality "1"]
[TimeControl "180+2"]

1. c4 c6 2. Nf3 d5 3. b3 Nf6 4. Bb2 Bf5 5. Bxf6 gxf6 6. e3 e6 7. Nc3 Bd6 8. Be2 Nd7 9. O-O Bg4 10. Rc1 a6 11. cxd5 cxd5 12. Nd4 Bxe2 13. Ncxe2 O-O 14. Nf4 f5 15. Qh5 Qf6 16. Nfe2 Rac8 17. a4 Ba3 18. Rxc8 Rxc8 19. h3 Ne5 20. Rb1 Bb4 21. Rd1 Ng6 22. Qf3 Qe5 23. d3 Rc7 24. g3 Bd6 25.
Nf4 Rc3 26. Nfe2 Rc7 27. h4 Qf6 28. Kg2 Ne5 29. Qh5 Qg6 30.
Qxg6+ hxg6 31. Nf3 Rc2 32. Ned4 Rc3 33. Nxe5 Bxe5 34. Nf3 Bf6 35. b4 Be7 36. b5 axb5 37. axb5 Bf6 38. d4 Rb3 39. Rc1 Rxb5 40. Rc8+ Kg7 41. Rc7 Rb2 42. Ne1 Rb3 43. Kf3 b5 44. Rb7 g5 45. hxg5 Bxg5 46. Ke2 Rb2+ 47. Kf3 Rb3 48. Ke2 Rb2+ 49. Kf3 Bf6 50. Nd3 Rb3 51. Nc5 Rb1 52. Nxe6+ Kg8 53. Nc7 Bg5 54. Rxb5 Rxb5 55. Nxb5 Kf8 56. Nc7 Ke7 57. Nxd5+ Kd6 58. Nc3 Ke6 59. Ke2 Bd8 60. Kd3 Ba5 61. f3 Bb4 62. Ne2 Be1 63. e4 fxe4+ 64. fxe4 Kd6 65. Ke3 Ke6 66. Kf3 Kf6 67. Nf4 Kg5 68. d5 Kf6 69. Nd3 Bc3 70.
Kf4 Bd2+ 71. Kf3 Bc3 72. g4 Ke7 73. e5 Bd4 74. Ke4 Bc3 75.
Kf5 Bd4 76. Nf4 Bc3 77. d6+ Kd7 78. Kf6 Ke8 79. Nd5 Bd4 80.
Nc7+ Kd7 81. Nb5 Bb2 82. Nc7 Bc3 83. Nd5 Bb2 84. Ne3 Ke8 85.
Nf5 Ba1 86. g5 Bb2 87. Nh4 Bc3 88. Nf3 Bb2 89. g6 fxg6 90. Ke6 Bc3 91. Ng5 Ba5 92. Nf7 1-0

[Event "RUS-ch Blitz 2021"]
[Site "Sochi"]
[Date "2021.10.11"]
[Round "4.8"]
[White "Somkin, Kirill"]
[Black "Kobalia, Mikhail"]
[Result "1-0"]
[ECO "B12"]
[WhiteElo "2186"]
[BlackElo "2600"]
[Annotator "ChessBase"]
[PlyCount "93"]
[EventDate "2021.10.11"]
[EventType "blitz"]
[EventCountry "RUS"]
[SourceTitle "playchess.com"]
[Source "ChessBase"]
[SourceQuality "1"]
[TimeControl "180+2"]

1. e4 c6 2. d4 d5 3. e5 Bf5 4. Ne2 e6 5. Ng3 Bg6 6. h4 h6 7. h5 Bh7 8. Bd3 Bxd3 9. cxd3 Qb6 10. Be3 Qxb2 11. Nd2 Qb6 12. O-O Nd7 13. f4 f5 14. exf6 Ngxf6 15. f5 e5 16. Rb1 Qc7 17. dxe5 Nxe5 18. d4 Nf7 19. Bf4 Bd6 20. Qe2+ Kf8 21. Bxd6+ Nxd6 22. Nf3 Kg8 23. Ne5 Kh7 24. Qf3 Rhe8 25. Ne2 Nde4 26. Nf4 Nd2 27. Qg3 Nxb1 28. Ne6 Qe7 29. Rxb1 Kg8 30. Ng6 Qf7 31. Ne5 Qe7 32. Ng6 Qf7 33. Ne5 Nxh5 34. Qf3 Qf6 35. Qxh5 Re7 36. Ng6 Rf7 37. Rf1 b6 38. Ne5 Re7 39. Nxc6 Rb7 40. Ne5 Rc8 41. Ng4 Qf7 42. Qh4 Re8 43. Qg3 Kh7 44. Ne5 Qf6 45. Ng4 Qf7 46. Ne5 Qf6 47. Ng4 1-0

[Event "RUS-ch Blitz 2021"]
[Site "Sochi"]
[Date "2021.10.11"]
[Round "4.9"]
[White "Trushnikov, Sergey"]
[Black "Lysyj, Igor"]
[Result "1/2-1/2"]
[ECO "C47"]
[WhiteElo "2525"]
[BlackElo "2603"]
[Annotator "ChessBase"]
[PlyCount "35"]
[EventDate "2021.10.11"]
[EventType "blitz"]
[EventCountry "RUS"]
[SourceTitle "playchess.com"]
[Source "ChessBase"]
[SourceQuality "1"]
[TimeControl "180+2"]

1. e4 e5 2. Nf3 Nc6 3. Nc3 Nf6 4. d4 exd4 5. Nxd4 Nxe4 6.
Nxe4 Qe7 7. f3 d5 8. Bb5 Bd7 9. Bxc6 bxc6 10. O-O dxe4 11. Re1 O-O-O 12. Rxe4 Qf6 13. Qe2 c5 14. Nb3 Qb6 15. Be3 Bc6 16. Re5 f6 17. Bxc5 Bxc5+ 18. Rxc5 1/2-1/2

[Event "RUS-ch Blitz 2021"]
[Site "Sochi"]
[Date "2021.10.11"]
[Round "4.10"]
[White "Triapishko, Alexandr"]
[Black "Sakaev, Konstantin"]
[Result "0-1"]
[ECO "D02"]
[WhiteElo "2506"]
[BlackElo "2603"]
[Annotator "ChessBase"]
[PlyCount "128"]
[EventDate "2021.10.11"]
[EventType "blitz"]
[EventCountry "RUS"]
[SourceTitle "playchess.com"]
[Source "ChessBase"]
[SourceQuality "1"]
[TimeControl "180+2"]

1. Nf3 d5 2. g3 g6 3. d4 Bg7 4. Bg2 c6 5. O-O Nf6 6. c3 O-O 7. Nbd2 Bf5 8.
Nh4 Be6 9. e4 dxe4 10. Nxe4 Nxe4 11. Bxe4 Bd5 12. Qe2 Bxe4 13.
Qxe4 Nd7 14. Nf3 e6 15. Re1 Qb6 16. Qh4 Rfe8 17. b3 c5 18.
Bh6 cxd4 19. Bxg7 Kxg7 20. Qxd4+ Qxd4 21. Nxd4 Red8 22. c4 Nc5 23. Rad1 a5 24. Kg2 Kf6 25. Nb5 Nd3 26. Rf1 Rd7 27. Kf3 Rad8 28. Ke2 Ke7 29. Nc3 f5 30. Na4 Rd4 31. Nc3 Kf6 32. Ke3 R4d7 33. Ke2 g5 34. h3 h5 35. Na4 h4 36. Nc3 hxg3 37. fxg3 Ke5 38. Ke3 Nb4 39. Rxd7 Rxd7 40. Ke2 Nc2 41. Nb5 Nb4 42. Nc3 Rh7 43.
Rh1 Nc6 44. Kd3 Kf6 45. Ke3 e5 46. Nd5+ Ke6 47. a3 Nd4 48.
b4 Nc2+ 49. Kd3 Nxa3 50. bxa5 e4+ 51. Kc3 Rd7 52. h4 Nxc4 53. Kxc4 Rxd5 54. hxg5 Rxa5 55. Rh6+ Ke5 56. Rh7 Ra3 57. Re7+ Kd6 58. Rf7 Ke6 59. Rf6+ Ke5 60. g4 fxg4 61. Rf8 Ra6 62. Re8+ Re6 63. Rg8 Rc6+ 64. Kb5 Kf5 0-1

[Event "RUS-ch Blitz 2021"]
[Site "Sochi"]
[Date "2021.10.11"]
[Round "4.12"]
[White "Kokarev, Dmitry"]
[Black "Moiseenko, Vadim"]
[Result "0-1"]
[ECO "C70"]
[WhiteElo "2579"]
[BlackElo "2542"]
[Annotator "ChessBase"]
[PlyCount "64"]
[EventDate "2021.10.11"]
[EventType "blitz"]
[EventCountry "RUS"]
[SourceTitle "playchess.com"]
[Source "ChessBase"]
[SourceQuality "1"]
[TimeControl "180+2"]

1. e4 e5 2. Nf3 Nc6 3. Bb5 a6 4. Ba4 b5 5. Bb3 Na5 6. O-O d6 7. d4 exd4 8. Nxd4 Bb7 9. Bd2 Nxb3 10. Nxb3 Rc8 11. a4 Nf6 12. f3 Be7 13.
axb5 axb5 14. Nd4 O-O 15. Nxb5 d5 16. e5 Nd7 17. f4 d4 18.
Ba5 Nxe5 19. Qxd4 Qxd4+ 20. Nxd4 Bc5 21. c3 Nc6 22. Kh1 Rfe8 23.
Nf3 Ba6 24. Rd1 Be2 25. Rd5 Bxf3 26. gxf3 Re1+ 27. Kg2 Rg1+ 28. Kh3 Bd6 29. Bb4 Bxb4 30. cxb4 Nxb4 31. Rc5 Nd3 32. Rxc7 Nxf4+ 0-1

[Event "RUS-ch Blitz 2021"]
[Site "Sochi"]
[Date "2021.10.11"]
[Round "4.13"]
[White "Pridorozhni, Aleksei"]
[Black "Belozerov, Andrei"]
[Result "1-0"]
[ECO "B23"]
[WhiteElo "2564"]
[BlackElo "2476"]
[Annotator "ChessBase"]
[PlyCount "79"]
[EventDate "2021.10.11"]
[EventType "blitz"]
[EventCountry "RUS"]
[SourceTitle "playchess.com"]
[Source "ChessBase"]
[SourceQuality "1"]
[TimeControl "180+2"]

1. e4 c5 2. Nc3 d6 3. f4 g6 4. d4 cxd4 5. Qxd4 Nf6 6. Nf3 Bg7 7. Bd3 Nc6 8.
Qf2 O-O 9. h3 Qb6 10. Qxb6 axb6 11. Be3 Nd7 12. Kd2 Nc5 13. Rhe1 Be6 14. a3 Rfc8 15. Rab1 Nxd3 16. cxd3 Ra6 17. Ne2 Na5 18. Ned4 Ba2 19. Rbc1 Raa8 20. Rxc8+ Rxc8 21. Rc1 Rxc1 22. Kxc1 Bb3 23.
Nxb3 Nxb3+ 24. Kc2 Nc5 25. b4 Nd7 26. a4 Kf8 27. Kb3 Ke8 28.
Kc4 Kd8 29. Kb5 Kc7 30. Nd2 Bc3 31. Nc4 Be1 32. Nxb6 Nxb6 33. Bxb6+ Kd7 34. Be3 f5 35. Kc4 e6 36. b5 Ba5 37. Kb3 h5 38.
Kc2 d5 39. e5 b6 40. Bd2 1-0

[Event "RUS-ch Blitz 2021"]
[Site "Sochi"]
[Date "2021.10.11"]
[Round "4.14"]
[White "Zakaryan, David"]
[Black "Antipov, Mikhail Al."]
[Result "0-1"]
[ECO "D90"]
[WhiteElo "2283"]
[BlackElo "2619"]
[Annotator "ChessBase"]
[PlyCount "66"]
[EventDate "2021.10.11"]
[EventType "blitz"]
[EventCountry "RUS"]
[SourceTitle "playchess.com"]
[Source "ChessBase"]
[SourceQuality "1"]
[TimeControl "180+2"]

1. d4 Nf6 2. c4 g6 3. Nc3 d5 4. Nf3 Bg7 5. h4 dxc4 6. e4 c5 7. d5 b5 8. h5 O-O 9. hxg6 fxg6 10. e5 Ng4 11. d6 e6 12. Rxh7 Rf5 13. Rh3 Nc6 14. Nxb5 Rb8 15. Nc3 Ngxe5 16. Nh4 Rh5 17. Nxg6 Rxh3 18. Nxe5 Nxe5 19. gxh3 Bb7 20. Be2 Qh4 21. Bg4 Nd3+ 22. Kd2 Qxf2+ 23. Qe2 Qd4 24. Bxe6+ Kf8 25. Kc2 Nb4+ 26. Kb1 Qxd6 27. Bxc4 Qg6+ 28. Bd3 Nxd3 29. Qc2 Bc6 30. a4 Bxc3 31. Ra3 Bd4 32. Rxd3 Be4 33. Rf3+ Kg7 0-1

[Event "RUS-ch Blitz 2021"]
[Site "Sochi"]
[Date "2021.10.11"]
[Round "4.15"]
[White "Lobanov, Sergei"]
[Black "Kezin, Roman"]
[Result "1-0"]
[ECO "B48"]
[WhiteElo "2501"]
[BlackElo "2492"]
[Annotator "ChessBase"]
[PlyCount "77"]
[EventDate "2021.10.11"]
[EventType "blitz"]
[EventCountry "RUS"]
[SourceTitle "playchess.com"]
[Source "ChessBase"]
[SourceQuality "1"]
[TimeControl "180+2"]

1. e4 c5 2. Nf3 e6 3. d4 cxd4 4. Nxd4 Nc6 5. Nc3 Qc7 6. Be3 a6 7. Qf3 Ne5 8. Qg3 h5 9. Bf4 d6 10. Bg5 b5 11. a3 Ng6 12. h4 Nf6 13.
O-O-O Rb8 14. f4 b4 15. axb4 Rxb4 16. f5 Ne5 17. fxe6 fxe6 18. Nf3 Be7 19. Nxe5 dxe5 20. Be2 O-O 21. Rhf1 Bb7 22. Bxf6 Bxf6 23. Bxh5 Bxe4 24. Nxe4 Rxe4 25. Qg6 Rf4 26.
Bf3 e4 27. Bxe4 Rxh4 28. Rh1 Qe5 29. Rxh4 Qxb2+ 30. Kd2 Qd4+ 31. Ke2 Qc4+ 32. Rd3 Bxh4 33. Qh7+ Kf7 34. Qxh4 Qb5 35. Ke1 Rc8 36. Rf3+ Ke8 37. Qh8+ Kd7 38. Qxg7+ Kd6 39. Rd3+ 1-0

[Event "RUS-ch Blitz 2021"]
[Site "Sochi"]
[Date "2021.10.11"]
[Round "4.16"]
[White "Shubin, Kirill"]
[Black "Popov, Valerij"]
[Result "1-0"]
[ECO "B28"]
[WhiteElo "2463"]
[BlackElo "2537"]
[Annotator "ChessBase"]
[PlyCount "60"]
[EventDate "2021.10.11"]
[EventType "blitz"]
[EventCountry "RUS"]
[SourceTitle "playchess.com"]
[Source "ChessBase"]
[SourceQuality "1"]
[TimeControl "180+2"]

1. e4 c5 2. Nf3 a6 3. g3 b5 4. Bg2 Bb7 5. Qe2 g6 6. O-O Bg7 7. c3 Nc6 8. d3 d6 9. Be3 e5 10. Rd1 Nf6 11. d4 cxd4 12. cxd4 Qe7 13. dxe5 dxe5 14. Nc3 O-O 15. Nd5 Nxd5 16. exd5 Na5 17. d6 Qd7 18. Bb6 Nc4 19. Bc7 e4 20. Nd4 Nxd6 21. Bxd6 Qxd6 22. Nxb5 Qb4 23. Nd6 Rab8 24. Nxb7 Rxb7 25. Qxe4 Qxe4 26. Bxe4 Rxb2 27. Bd5 Re8 28.
Bb3 Re7 29. Rd8+ Bf8 30. Rc1 Kg7 1-0

[Event "RUS-ch Blitz 2021"]
[Site "Sochi"]
[Date "2021.10.11"]
[Round "4.17"]
[White "Demidov, Mikhail"]
[Black "Skvortsov, Andrei"]
[Result "1-0"]
[ECO "D02"]
[WhiteElo "2551"]
[BlackElo "2138"]
[Annotator "ChessBase"]
[PlyCount "63"]
[EventDate "2021.10.11"]
[EventType "blitz"]
[EventCountry "RUS"]
[SourceTitle "playchess.com"]
[Source "ChessBase"]
[SourceQuality "1"]
[TimeControl "180+2"]

1. Nf3 d5 2. g3 Nc6 3. d4 Bf5 4. Bg2 e6 5. c3 h6 6. Nbd2 Nf6 7. O-O Be7 8. Re1 O-O 9. b3 a5 10. a4 Na7 11. Ne5 Nc8 12. f3 c5 13. e3 cxd4 14. exd4 Nd6 15. Ba3 Rc8 16. Bb2 Nd7 17. Kh1 f6 18. Ng4 Nf7 19. Ne3 Bh7 20. Rc1 Re8 21. c4 dxc4 22. Ndxc4 Nd6 23. f4 b6 24. d5 Ne4 25. Ng4 Ndc5 26. dxe6 Qxd1 27. Rcxd1 h5 28. Nxb6 hxg4 29. Nxc8 Nf2+ 30. Kg1 Nxd1 31. Nxe7+ Kf8 32. Rxd1 1-0

[Event "RUS-ch Blitz 2021"]
[Site "Sochi"]
[Date "2021.10.11"]
[Round "4.18"]
[White "Zubritskiy, Artyom"]
[Black "Babanin, Gleb"]
[Result "0-1"]
[ECO "A13"]
[WhiteElo "2442"]
[BlackElo "2094"]
[Annotator "ChessBase"]
[PlyCount "105"]
[EventDate "2021.10.11"]
[EventType "blitz"]
[EventCountry "RUS"]
[SourceTitle "playchess.com"]
[Source "ChessBase"]
[SourceQuality "1"]
[TimeControl "180+2"]

1. c4 e6 2. Nf3 d5 3. b3 Nf6 4. Bb2 Be7 5. e3 b6 6. d4 Bb7 7. Bd3 Nbd7 8. Nbd2 Ne4 9. O-O O-O 10. Qc2 f5 11. Rac1 Bd6 12. Rfe1 Rc8 13. Nf1 h5 14. Ne5 Nxe5 15. dxe5 Bb4 16. Red1 Qe7 17. cxd5 exd5 18. f3 Ng5 19. Bxf5 Rcd8 20. Qxc7 Nxf3+ 21. Kh1 Rxf5 22. Qxe7 Bxe7 23.
Rc7 Bc5 24. Rxb7 Nxe5 25. Ng3 Rg5 26. Rxa7 Ng4 27. Re1 Nf2+ 28. Kg1 Nd3 29. Re2 Nxb2 30. Rxb2 Bxe3+ 31. Kh1 h4 32. Nf1 Bc5 33. Rd2 Rf5 34. Rd1 Rdf8 35. Nd2 Bb4 36. Nf3 h3 37. Rd3 hxg2+ 38. Kxg2 R8f6 39. Rd7 Rg6+ 40. Kf1 Bc5 41. R7xd5 Rg1+ 42. Ke2 Rg2+ 43. Kd1 Rxd5 44. Rxd5 Rxa2 45. Ng5 Rxh2 46. Rd8+ Bf8 47. Rb8 Rh6 48. Ke2 Rg6 49. Ne4 Re6 50. Kf3 g6 51. b4 Kg7 52. Rb7+ Be7 53.
Nc3 0-1

[Event "RUS-ch Blitz 2021"]
[Site "Sochi"]
[Date "2021.10.11"]
[Round "4.19"]
[White "Ivlev, Aleksey"]
[Black "Iljiushenok, Ilia"]
[Result "0-1"]
[ECO "E61"]
[WhiteElo "2315"]
[BlackElo "2554"]
[Annotator "ChessBase"]
[PlyCount "79"]
[EventDate "2021.10.11"]
[EventType "blitz"]
[EventCountry "RUS"]
[SourceTitle "playchess.com"]
[Source "ChessBase"]
[SourceQuality "1"]
[TimeControl "180+2"]

1. d4 Nf6 2. c4 g6 3. Nc3 Bg7 4. Nf3 d6 5. Bg5 h6 6. Bh4 g5 7. Bg3 Nh5 8. e3 c5 9. dxc5 Nxg3 10. hxg3 dxc5 11. Qxd8+ Kxd8 12. O-O-O+ Bd7 13. Bd3 Nc6 14. Bf5 e6 15. Be4 Ke7 16. g4 Na5 17. Bd3 a6 18. Kc2 Rab8 19. Ne4 Rhc8 20. b3 b5 21. Nfd2 Nc6 22. a3 Ne5 23. Be2 Bc6 24. f4 gxf4 25.
exf4 Bxe4+ 26. Nxe4 Nc6 27. Nxc5 Nd4+ 28. Rxd4 Bxd4 29. Ne4 a5 30. Rd1 Bg7 31. f5 bxc4 32. Bxc4 a4 33. fxe6 axb3+ 34. Kd3 Rd8+ 35. Ke2 Rxd1 36. Kxd1 b2 37. Nd2 b1=Q+ 38. Nxb1 Rxb1+ 39. Kc2 Rb2+ 40. Kd3 0-1

[Event "RUS-ch Blitz 2021"]
[Site "Sochi"]
[Date "2021.10.11"]
[Round "4.21"]
[White "Zakhartsov, Vladimir"]
[Black "Timerkhanov, Alexander"]
[Result "1/2-1/2"]
[ECO "B22"]
[WhiteElo "2514"]
[BlackElo "2401"]
[Annotator "ChessBase"]
[PlyCount "83"]
[EventDate "2021.10.11"]
[EventType "blitz"]
[EventCountry "RUS"]
[SourceTitle "playchess.com"]
[Source "ChessBase"]
[SourceQuality "1"]
[TimeControl "180+2"]

1. e4 c5 2. Nf3 a6 3. c3 d5 4. exd5 Qxd5 5. d4 Nf6 6. Be3 cxd4 7. cxd4 e6 8. Nc3 Qd6 9. Rc1 Nc6 10. Bc4 Be7 11. O-O O-O 12. Qe2 b5 13.
Bd3 Bb7 14. Ne4 Nxe4 15. Bxe4 Bf6 16. Rfd1 Na5 17. Bxb7 Nxb7 18. Bg5 Bxg5 19. Nxg5 Qd5 20. h4 h6 21. Ne4 Rac8 22. Nc3 Qc4 23. Qf3 Nd6 24. d5 e5 25. g3 b4 26. b3 Qc5 27. Ne4 Qxc1 28.
Nxd6 Qc3 29. Qg4 Rcd8 30. Nf5 g6 31. Nxh6+ Kh7 32. Nf5 gxf5 33. Qh5+ Kg7 34. Qg5+ Kh7 35. Qh5+ Kg7 36. Qg5+ Kh7 37. Qxf5+ Kg7 38. Qg5+ Kh7 39. Qh5+ Kg7 40. Qg5+ Kh7 41. Qf5+ Kg7 42. Qg5+ 1/2-1/2

[Event "RUS-ch Blitz 2021"]
[Site "Sochi"]
[Date "2021.10.11"]
[Round "4.22"]
[White "Nuristani, Iman"]
[Black "Savchenko, Boris"]
[Result "0-1"]
[ECO "A45"]
[WhiteElo "2171"]
[BlackElo "2535"]
[Annotator "ChessBase"]
[PlyCount "90"]
[EventDate "2021.10.11"]
[EventType "blitz"]
[EventCountry "RUS"]
[SourceTitle "playchess.com"]
[Source "ChessBase"]
[SourceQuality "1"]
[TimeControl "180+2"]

1. d4 Nf6 2. Bg5 c5 3. Bxf6 gxf6 4. d5 Qb6 5. Qc1 f5 6. c4 Bg7 7. Nc3 d6 8. e3 Nd7 9. Bd3 Ne5 10. Be2 h5 11. Nf3 h4 12. h3 Bd7 13.
Qc2 a6 14. Nd2 Bf6 15. f4 Ng6 16. Bd3 e6 17. O-O Rg8 18. Kh1 Ne7 19. e4 O-O-O 20. Rab1 Qc7 21. a3 Bd4 22. b4 fxe4 23. Bxe4 cxb4 24. axb4 Bxc3 25. Qxc3 exd5 26. Bf3 Bb5 27. Rfe1 dxc4 28. Qf6 Rge8 29. Rbc1 d5 30. Qxf7 Qd6 31. Re6 Qxb4 32. Nf1 Bd7 33. Re2 Bc6 34. Rec2 Qd6 35. Qh5 Qxf4 36. Rb1 Kb8 37. Qh7 Nf5 38. Qg6 Rg8 39. Qxc6 Qc7 40. Qe6 Nd4 41. Qb6 Qxb6 42. Rxb6 Nxc2 43. Nd2 Nd4 44. Bg4 Kc7 45. Rb1 b5 0-1

[Event "RUS-ch Blitz 2021"]
[Site "Sochi"]
[Date "2021.10.11"]
[Round "4.23"]
[White "Keosidi, Konstantin"]
[Black "Nozdrachev, Vladislav"]
[Result "0-1"]
[ECO "C46"]
[WhiteElo "2404"]
[BlackElo "2495"]
[Annotator "ChessBase"]
[PlyCount "50"]
[EventDate "2021.10.11"]
[EventType "blitz"]
[EventCountry "RUS"]
[SourceTitle "playchess.com"]
[Source "ChessBase"]
[SourceQuality "1"]
[TimeControl "180+2"]

1. e4 e5 2. Nf3 Nc6 3. Nc3 Bc5 4. Nxe5 Nxe5 5. d4 Bd6 6.
dxe5 Bxe5 7. f4 Bxc3+ 8. bxc3 Qe7 9. Qd4 Nf6 10. Bd3 d5 11.
e5 c5 12. Bb5+ Bd7 13. Bxd7+ Qxd7 14. Qxc5 Ne4 15. Qb4 a5 16. Qd4 Rc8 17. O-O Nxc3 18. Re1 O-O 19. Ba3 Nb5 20. Qa4 Rc4 21. Qxa5 b6 22. Qa6 Rfc8 23. Rab1 Nd4 24. Bd6 Rxc2 25. Qxb6 Qg4 0-1

[Event "RUS-ch Blitz 2021"]
[Site "Sochi"]
[Date "2021.10.11"]
[Round "4.24"]
[White "Maltsevskaya, Aleksandra"]
[Black "Bologan, Victor"]
[Result "0-1"]
[ECO "B40"]
[WhiteElo "2411"]
[BlackElo "2574"]
[Annotator "ChessBase"]
[PlyCount "74"]
[EventDate "2021.10.11"]
[EventType "blitz"]
[EventCountry "RUS"]
[SourceTitle "playchess.com"]
[Source "ChessBase"]
[SourceQuality "1"]
[TimeControl "180+2"]

1. e4 c5 2. Nf3 e6 3. g3 b6 4. Bg2 Bb7 5. d3 d6 6. a4 a6 7. Nbd2 Nf6 8. O-O Be7 9. Nc4 d5 10. exd5 exd5 11. Ne3 g6 12. d4 O-O 13. a5 bxa5 14. Ne5 Qc7 15.
N5g4 Nbd7 16. dxc5 Qxc5 17. Bd2 h5 18. Nxf6+ Nxf6 19. Rxa5 Qb6 20. Bc3 Rfd8 21. Nxd5 Bxd5 22. Bxd5 Rac8 23.
Bxf6 Qxa5 24. Bxe7 Rxd5 25. Qf3 Rxc2 26. b4 Qb5 27. Bc5 Rf5 28.
Qe4 Qc4 29. Qe8+ Kh7 30. Qd7 Rc1 31. Rxc1 Qxc1+ 32. Kg2 Qc4 33. Qe8 Qe6 34. Qb8 Qc6+ 35. Kg1 Qd5 36. h4 Re5 37. Kh2 Re1 0-1